 Dungeon Crawl Stone Soup version 0.25-a0-589-g1e14c549ee (webtiles) character file.

Game seed: 18380610435821703788, levelgen mode: deterministic

360 Kohma the Spear-Bearer (level 6, -3/44 HPs)
             Began as a Merfolk Gladiator on Mar 10, 2020.
             Killed by divine providence
             ... invoked by an orc priest
              (17 damage)
             ... on level 4 of the Dungeon.
             The game lasted 00:09:10 (3283 turns).

Kohma the Spear-Bearer (Merfolk Gladiator)          Turns: 3283, Time: 00:09:11

Health: -3/44      AC:  7    Str: 14    XL:     6   Next: 65%
Magic:  6/6        EV: 12    Int: 10    God:
Gold:   95         SH:  0    Dex: 15    Spells: 2/5 levels left

rFire    . . .     SeeInvis .   b - +1 dagger (venom)
rCold    . . .     Gourm    .   (no shield)
rNeg     . . .     Faith    .   G - +0 scale mail
rPois    .         Spirit   .   c - +0 helmet
rElec    .         Reflect  .   (no cloak)
rCorr    .         Harm     .   (no gloves)
MR       .....                  (no boots)
Stlth    ..........             (no amulet)
HPRegen  0.14/turn              (no ring)
MPRegen  0.10/turn              (no ring)

@: no status effects
A: change form in water, swift swim, stealthy swim
a: no special abilities


You were on level 4 of the Dungeon.
You were hungry.

You visited 1 branch of the dungeon, and saw 4 of its levels.
You also visited: Sewer.

You collected 185 gold pieces.
You spent 90 gold pieces at shops.

Inventory:

Hand Weapons
 a - a +0 trident
 b - a +1 dagger of venom (weapon)
 D - a +0 hunting sling
Missiles
 d - 2 throwing nets
 j - 29 poisoned darts (quivered)
 C - 27 stones
 H - 8 javelins
Armour
 c - a +0 helmet (worn)
 k - a +0 ring mail
 G - a +0 scale mail (worn)
Wands
 q - a wand of enslavement (6)
Scrolls
 e - 4 scrolls of remove curse {unknown}
 g - 6 scrolls of identify {unknown}
 l - 3 scrolls of teleportation {unknown}
 n - a scroll of enchant weapon {unknown}
 o - a scroll of enchant armour {unknown}
 r - a scroll of magic mapping {unknown}
 t - 2 scrolls of noise {unknown}
 u - a scroll of fog {unknown}
 w - 5 scrolls of fear {unknown}
 x - a scroll of immolation {unknown}
 y - 2 scrolls of random uselessness {unknown}
 F - a scroll of blinking {unknown}
Potions
 h - 2 potions of lignification {unknown}
 i - 2 potions of degeneration {unknown}
 m - a potion of stabbing {unknown}
 p - a potion of mutation {unknown}
 s - a potion of ambrosia {unknown}
 v - 2 potions of might {unknown}
 z - 2 potions of curing
 A - 2 potions of haste {unknown}
 B - 3 potions of heal wounds {unknown}
 E - 2 potions of magic {unknown}
Comestibles
 f - 12 rations


   Skills:
 - Level 2.1 Fighting
 * Level 8.9 Polearms
 - Level 2.0 Throwing
 + Level 6.3 Dodging
 + Level 0.2 Hexes


You had 2 spell levels left.
You knew the following spells:

 Your Spells              Type           Power        Failure   Level  Hunger
a - Confusing Touch       Hex            #.......     99%         3    ####...

Your spell library contained the following spells:

 Spells                   Type           Power        Failure   Level  Hunger
 Gell's Gravitas          Tloc           #.........   99%         3    ####...
 Petrify                  Tmut/Erth      #.......     100%        4    #####..
 Metabolic Englaciation   Hex/Ice        #.........   100%        5    ######.
 Yara's Violent Unravell  Hex/Tmut       #.........   100%        5    ######.


Dungeon Overview and Level Annotations

Branches:
Dungeon (4/15)              Sewer (visited)
 Temple: D:4-7

Altars:
Wu Jian
Zin


Message History

Your scale mail prevents you from hitting the orc priest.
The orc priest is heavily wounded.
The orc priest mumbles some strange prayers to Beogh against you.
Beogh smites you!
* * * LOW HITPOINT WARNING * * *
You hit the orc priest.
You kill the orc priest!
You closely miss the orc priest. The orc priest barely misses you.
You hit the orc priest.
The orc priest is lightly wounded.
The orc priest hits you but does no damage.
You hit the orc priest.
The orc priest is poisoned.
The orc priest is moderately wounded.
The orc priest misses you.
You hit the orc priest.
The orc priest looks as sick as possible!
The orc priest is moderately wounded.
The orc priest invokes the aid of Beogh against you.
Beogh smites you!
You die...

############
#......<...#
#.##.#.###.#
#oo@.#.#
#o####.#
#.####.#
#......#
#o###### #o#
..o ..o##
..#.#


You could see an orc priest and 2 orcs.

Vanquished Creatures
  An ogre (D:2)
  A big kobold (Sewer)
  An orc priest (D:4)
  2 orc wizards (D:4)
  An adder (Sewer)
  2 river rats (Sewer)
  2 oozes
  5 worms
  5 leopard geckos
  3 orcs
  5 giant cockroaches
  8 hobgoblins
  3 jackals (D:2)
  3 ball pythons (Sewer)
  6 bats
  5 frilled lizards
  5 goblins
  12 kobolds
  7 rats
77 creatures vanquished.

Notes
Turn   | Place    | Note
-------+----------+-------------------------------------------
     0 | D:1      | Kohma the Merfolk Gladiator began the quest for the Orb.
     0 | D:1      | Reached XP level 1. HP: 16/16 MP: 1/1
   188 | D:1      | Reached XP level 2. HP: 22/22 MP: 2/2
   194 | D:1      | Reached skill level 5 in Polearms
   608 | D:2      | Reached XP level 3. HP: 19/27 MP: 3/3
   923 | D:2      | Found an ornate altar of the Wu Jian Council.
  1373 | D:2      | Noticed an ogre
  1386 | D:2      | Killed an ogre
  1386 | D:2      | Reached skill level 7 in Polearms
  1386 | D:2      | Reached skill level 5 in Dodging
  1386 | D:2      | Reached XP level 4. HP: 33/33 MP: 4/4
  1386 | D:2      | Reached XP level 5. HP: 38/38 MP: 5/5
  1603 | D:3      | Found Zin's Purification Station.
  1607 | D:3      | Found a glowing silver altar of Zin.
  1610 | D:3      | Bought a potion of curing for 90 gold pieces
  1724 | D:3      | Found a glowing drain.
  1762 | Sewer    | Entered a sewer
  1876 | Sewer    | Noticed a big kobold
  1906 | Sewer    | Killed a big kobold
  1906 | Sewer    | Reached skill level 8 in Polearms
  1906 | Sewer    | Reached XP level 6. HP: 24/44 MP: 6/6
  2883 | D:4      | HP: 2/44 [something/puff of flame (8)]
  3231 | D:2      | Learned a level 3 spell: Confusing Touch
  3283 | D:4      | Killed from afar by an orc priest

Levels and vault maps discovered:
D:1:      dpeg_arrival_long_road, layout_rooms, serial_glass, glass_columns_a,
          glass_columns_a, minmay_tromino_i4
D:2:      layout_loops_ring, lemuel_crystal_altar, minivault_5
D:3:      layout_loops_ring, zin_purify, portal_sewer_entry_f,
          hangedman_decor_push
D:4:      layout_loops_cross, kennysheep_little_box, first_ration, uniq_menkaure

Skill      XL: |  1  2  3  4  5  6 |
---------------+-------------------+-----
Polearms       | 5 7 8 |  8.9
Dodging        | 5 6 |  6.3
Fighting       | |  2.1
Throwing       | |  2.0
Hexes          | |  0.2

Action                   |  1- 3 |  4- 6 || total
-------------------------+-------+-------++-------
Melee: Trident           |    17 |       ||    17
       Dagger            |    96 |   168 ||   264
       Tailslap          |       |    19 ||    19
Throw: Throwing net      |     2 |       ||     2
  Use: Potion            |       |     1 ||     1
 Stab: Sleeping          |     3 |       ||     3
       Held in net/web   |     1 |       ||     1
  Eat: Chunk             |     2 |     5 ||     7
Armor: Leather armour    |    31 |    19 ||    50
       Scale mail        |       |     3 ||     3
Dodge: Dodged            |    85 |   118 ||   203

Table legend:
 A = Non-vault XP
 B = Vault XP
 C = Vault XP percentage of total XP
 D = Non-vault monster count
 E = Vault monster count
 F = Vault count percentage of total count
                 A         B        C        D         E       F
            +---------+---------+-------+---------+---------+-------
      Total |     330 |     185 |  35.9 |      49 |      28 |  36.4
            +---------+---------+-------+---------+---------+-------
        D:1 |      22 |       3 |  12.0 |      14 |       3 |  17.6
        D:2 |     157 |       0 |   0.0 |      19 |       0 |   0.0
        D:3 |      27 |      15 |  35.7 |      11 |       6 |  35.3
        D:4 |     124 |       0 |   0.0 |       5 |       0 |   0.0
      Sewer |       0 |     167 | 100.0 |       0 |      19 | 100.0
            +---------+---------+-------+---------+---------+-------
